 Dungeon Sprint DCSS version 0.27-a0-1119-gbf574a6a6b (webtiles) character file.

Game seed: 14287183936115715411

4791 Zeld the Blocker (level 10, -10/84 HPs)
             Began as an Octopode Fighter on May 2, 2021.
             Was an Elder of Okawaru.
             Succumbed to poison (dark miasma)
             ... in the Dungeon (Sprint III: "The Ten Rune Challenge").
             The game lasted 00:04:57 (3654 turns).

Zeld the Blocker (Octopode Fighter)                 Turns: 3654, Time: 00:04:58

Health: -10/84     AC:  1    Str: 18    XL:     10   Next: 47%
Magic:  10/10      EV: 13    Int: 10    God:    Okawaru [****..]
Gold:   31         SH: 13    Dex: 13    Spells: 9/9 levels left

rFire    . . .     SeeInvis .   a - +0 war axe
rCold    . . .     Faith    .   b - +0 kite shield
rNeg     . . .     Spirit   .   (helmet restricted)
rPois    .         Reflect  .   (no amulet)
rElec    .         Harm     .   (no ring)
rCorr    .         Rampage  .   (no ring)
Will     .....     NoTele   +   (no ring)
Stlth    ++........             (no ring)
HPRegen  0.24/turn              (no ring)
MPRegen  0.12/turn              (no ring)
                                (no ring)
                                (no ring)

@: lethally poisoned (-10 -> -54), slowed, very slow
A: almost no armour, amphibious, 8 rings, camouflage 1, gelatinous body 1,
(nimble swimmer 1), tentacles
a: Renounce Religion, Heroism


You were in the Dungeon.
You worshipped Okawaru.
Okawaru was greatly pleased with you.
You visited 1 branch You collected 31 gold pieces.

Inventory:

Hand Weapons
 a - a +0 war axe (weapon)
Armour
 b - a +0 kite shield (worn)
Scrolls
 j - 2 scrolls of identify
Potions
 f - a potion of haste
 g - 2 potions of magic
 m - 3 potions of flight
Miscellaneous
 h - a phial of floods


   Skills:
 * Level 14.0 Fighting
 * Level 13.8 Axes
 - Level 3.0 Dodging
 * Level 14.0 Shields


You had 9 spell levels left.
You didn't know any spells.
Your spell library contained the following spells:

 Spells                   Type           Power      Damage    Failure   Level
 Corona                   Hex            0%         N/A       38%         1
 Ensorcelled Hibernation  Hex/Ice        0%         N/A       54%         2
 Confusing Touch          Hex            0%         N/A       77%         3
 Dazzling Flash           Conj/Hex       0%         N/A       77%         3
 Gell's Gravitas          Tloc           0%         N/A       77%         3
 Tukima's Dance           Hex            0%         N/A       77%         3
 Petrify                  Tmut/Erth      0%         N/A       99%         4
 Metabolic Englaciation   Hex/Ice        0%         N/A       100%        5
 Yara's Violent Unravell  Hex/Tmut       0%         3d3       100%        5


Dungeon Overview and Level Annotations

Branches:
Dungeon (1/1)

Altars:
Cheibriados
Dithmenos
Elyvilon
Fedhas
Gozag
Hepliaklqana
Kikubaaqudgha
Makhleb
Nemelex Xobeh
Okawaru
Qazlal
Ru
Sif Muna
Trog
Uskayaw
Vehumet
Wu Jian
Xom
Yredelemnul
Zin
The Shining One
Beogh
Jiyva
Lugonu


Innate Abilities, Weirdness & Mutations

You cannot wear most types of armour.
You are amphibious.
You can wear up to eight rings at the same time.
Your skin changes colour to match your surroundings (Stealth+).
Your rubbery body absorbs attacks. (AC +1, EV +1)
((You are camouflaged near water. (Stealth+)))
You have tentacles for arms and can constrict up to eight enemies at once.


Message History

Unknown command.
You see here a +0 morningstar of distortion.
You start resting.
You feel like a meek peon again.
You start resting.
Magic restored.
Okay, then.
You start resting.
You start resting.
You start resting.
You feel a little less mighty now.
There is an open door here.
You start resting.
You start resting.
HP restored.
You start waiting.
There is an open door here.
Found a halberd.
Why would you want to do that?
Really wriggl into a travel-excluded area?
Found a dagger.
You are engulfed in dark miasma.
You are poisoned.
You feel very sick.
Found a whip.
There is an open door here.
You are engulfed in dark miasma.
You are more poisoned.
You feel yourself slow down.
You feel extremely sick.
You are engulfed in dark miasma.
You are more poisoned.
You feel as though you will be slow longer.
You feel extremely sick.
There is an open door here.
Okay, then.
You are engulfed in dark miasma.
You are more poisoned.
* * * LOW HITPOINT WARNING * * *
x2 You feel extremely sick.
You die...

##'########
#...'.§≈§≈#
#...#.§≈§§#
#...#.#≈≈§#
#####.#
§§§#
#.....#
§§≈≈
#§§☼○.# ≈≈≈
#○○☼°.# ≈§
#°○@○.# ≈
#☼#####○○
#○☼§○§°○§
#.#######
#○# #°# #.#
#.# #.#


There were no monsters in sight!

Vanquished Creatures
  Dowan (D)
  Erolcha (D)
  A deep elf pyromancer (D)
  Duvessa (D)
  2 redbacks (D)
  A shadow (D)
  A spatial vortex (D)
  A necrophage (D)
  5 two-headed ogres (D)
  A water elemental (D)
  A jelly (D)
  A wizard (D)
  Jessica (D)
  A necromancer (D)
  A kobold demonologist (D)
  3 humans (D)
  A wolf (D)
  3 rats (D)
27 creatures vanquished.

Vanquished Creatures (others)
  An orc high priest (D)
  2 orc priests (D)
  8 plants (D)
11 creatures vanquished.

Grand Total: 38 creatures vanquished

Notes
Turn   | Place    | Note
-------+----------+-------------------------------------------
     0 | D        | Zeld the Octopode Fighter began the quest for the Orb.
     0 | D        | Reached XP level 1. HP: 16/16 MP: 1/1
    42 | D        | Noticed Jessica
    47 | D        | Killed Jessica
    48 | D        | Reached XP level 2. HP: 23/23 MP: 2/2
    48 | D        | Reached XP level 3. HP: 27/27 MP: 3/3
   232 | D        | Reached skill level 5 in Fighting
   232 | D        | Reached skill level 5 in Shields
   232 | D        | Reached XP level 4. HP: 29/35 MP: 4/4
   396 | D        | Noticed a water elemental
   403 | D        | Killed a water elemental
   404 | D        | Reached skill level 5 in Axes
   404 | D        | Reached XP level 5. HP: 21/41 MP: 5/5
   407 | D        | Found a radiant altar of Vehumet.
   407 | D        | Found a shimmering blue altar of Sif Muna.
   407 | D        | Found an ancient bone altar of Kikubaaqudgha.
   712 | D        | Found a basalt altar of Yredelemnul.
   712 | D        | Found a shadowy altar of Dithmenos.
   712 | D        | Found a sacrificial altar of Ru.
   712 | D        | Noticed a necrophage
   720 | D        | Killed a necrophage
   721 | D        | Reached XP level 6. HP: 17/50 MP: 6/6
   966 | D        | Found a hide-covered altar of Uskayaw.
   966 | D        | Found an iron altar of Okawaru.
   966 | D        | Found a bloodstained altar of Trog.
   966 | D        | Found an ornate altar of the Wu Jian Council.
   966 | D        | Noticed a human
   967 | D        | Noticed a human
   971 | D        | Killed a human
   977 | D        | Killed a human
   978 | D        | Reached XP level 7. HP: 52/57 MP: 7/7
   984 | D        | Became a worshipper of Warmaster Okawaru
  1309 | D        | Noticed a shadow
  1323 | D        | Killed a shadow
  1324 | D        | Reached skill level 10 in Fighting
  1324 | D        | Reached skill level 10 in Shields
  1498 | D        | Found a blossoming altar of Fedhas.
  1498 | D        | Found a stormy altar of Qazlal.
  1498 | D        | Found a snail-covered altar of Cheibriados.
  1498 | D        | Found a burning altar of Makhleb.
  1498 | D        | Found a shimmering altar of Xom.
  1498 | D        | Noticed a spatial vortex
  1499 | D        | Found a hazy altar of Hepliaklqana.
  1499 | D        | Found an opulent altar of Gozag.
  1499 | D        | Found a sparkling altar of Nemelex Xobeh.
  1499 | D        | Found a corrupted altar of Lugonu.
  1499 | D        | Found a viscous altar of Jiyva.
  1508 | D        | Killed a spatial vortex
  1508 | D        | Reached * piety under Okawaru
  1509 | D        | Reached skill level 10 in Axes
  1509 | D        | Reached XP level 8. HP: 65/65 MP: 8/8
  1538 | D        | Found a glowing silver altar of Zin.
  1538 | D        | Found a glowing golden altar of the Shining One.
  1538 | D        | Found a white marble altar of Elyvilon.
  1540 | D        | Noticed a deep elf pyromancer
  1546 | D        | Killed a deep elf pyromancer
  1647 | D        | Reached ** piety under Okawaru
  1651 | D        | Noticed a two-headed ogre
  1668 | D        | Killed a two-headed ogre
  1669 | D        | Reached XP level 9. HP: 28/72 MP: 6/9
  1969 | D        | Noticed Erolcha
  1971 | D        | Noticed a two-headed ogre
  1983 | D        | Killed Erolcha
  1983 | D        | Reached *** piety under Okawaru
  1991 | D        | Killed a two-headed ogre
  3043 | D        | Noticed Dowan
  3043 | D        | Noticed Duvessa
  3084 | D        | HP: 3/75 [Duvessa/+0 great sword of freezing (4)]
  3086 | D        | Killed Duvessa
  3086 | D        | Reached **** piety under Okawaru
  3087 | D        | Reached XP level 10. HP: 4/82 MP: 10/10
  3527 | D        | Killed Dowan
  3653 | D        | HP: 4/84 [poison (dark miasma)]
  3654 | D        | Succumbed to poison (dark miasma)

Illustrated notes

Levels and vault maps discovered:
D:        dungeon_sprint_mu [sprint_mu_entry_cave, sprint_mu_temple_rooms,
          sprint_mu_d1_spiders, sprint_mu_d2_genie, sprint_mu_d3_branching,
          sprint_mu_orc_legion, sprint_mu_elf_gauntlet, sprint_mu_hive_nellie,
          sprint_mu_lair_fedhas, sprint_mu_vaults_butterflies,
          sprint_mu_slime_circle, sprint_mu_swamp_cave, sprint_mu_shoals_kraken,
          sprint_mu_blade_basic, sprint_mu_crypt_lich, sprint_mu_tomb_spiral,
          sprint_mu_vestibule_basic, sprint_mu_gehenna_hellfire,
          sprint_mu_dis_giant, sprint_mu_tartarus_statrot,
          sprint_mu_cocytus_islands, sprint_mu_zot1]

Skill      XL: |  1  2  3  4  5  6  7  8  9 10 |
---------------+-------------------------------+-----
Fighting       | 4 5 6 7 9 10 11 13 14 | 14.0
Axes           | 3 4 5 7 9 10 11 12 13 | 13.8
Shields        | 4 5 6 7 9 10 11 13 14 | 14.0
Dodging        | |  3.0

Action                   |  1- 3 |  4- 6 |  7- 9 | 10-12 || total
-------------------------+-------+-------+-------+-------++-------
Melee: War axe           |    14 |    26 |    74 |     8 ||   122
       Tentacles         |     4 |     8 |    18 |     4 ||    34
       Constrict         |     2 |     5 |     6 |     1 ||    14
       Punch             |       |       |     2 |     1 ||     3
Invok: Heroism           |       |       |     7 |     1 ||     8
Evoke: Phial of floods   |       |       |     2 |       ||     2
  Use: Scroll            |       |     3 |     2 |       ||     5
       Potion            |       |     2 |     3 |     1 ||     6
 Stab: Sleeping          |     1 |       |     1 |       ||     2
Armor: Skin              |     2 |       |       |       ||     2
Dodge: Dodged            |     7 |     7 |    16 |     1 ||    31
Block: Kite shield       |     7 |     9 |    31 |     6 ||    53

Table legend: (Time is in decaauts)
 A = Elapsed time spent in this place.
 B = Non-inter-level travel time spent in this place.
 C = Inter-level travel time spent in this place.
 D = Time resting spent in this place.
 E = Time spent auto-exploring this place.
 F = Levels seen in this place.
 G = Mean time per level.
                   A        B        C        D        E       F      G
               +--------+--------+--------+--------+--------+-----+--------+
         Total |   3669 |   3669 |      0 |   3175 |      5 |   1 | 3669.0 |
       Dungeon |   3669 |   3669 |      0 |   3175 |      5 |   1 | 3669.0 |
               +--------+--------+--------+--------+--------+-----+--------+

Top non-repeatable levels by time:
       D: 3669 daAuts
